Blues vs Wild

Created - 20 février 2015 at 19:00

Goals
1 2 3 OT1 SO T
Blues 1 2 2 0 1 6
Wild 1 2 2 0 0 5
Shots
1 2 3 OT1 SO T
Blues 14 11 12 1 3 38
Wild 17 18 5 4 3 44

1st period

1. Blues , Paul Kariya 29 (Andrew Cogliano, Drew Fata) at 3:55
2. Wild , R.J. Umberger 17 (Daniel Briere, Chris Drury) at 4:03

Penalties :
Brian Lee (STL) for Roughing (Minor) at 10:18

2nd period

3. Blues , Ales Kotalik 10 (Derek Boogaard, Erik Rasmussen) at 2:13
4. Wild , Vaclav Prospal 28 (Mike Green, Alexei Kovalev) at 6:24
5. Blues , Brent Burns 5 (Marian Hossa, Paul Kariya) at 15:02 (PP)
6. Wild , Glen Metropolit 13 (Greg Zanon, Anson Carter) at 19:49

Penalties :
Paul Kariya (STL) for Holding (Minor) at 8:13, Daniel Briere (Min) for Tripping (Minor) at 14:29, Marian Hossa (STL) for Hooking (Minor) at 15:31

3rd period

7. Wild , Fredrik Modin 14 (Anson Carter, Glen Metropolit) at 2:29
8. Wild , Daniel Briere 30 (Chris Drury, Mike Green) at 3:42 (PP)
9. Blues , Ales Kotalik 11 (Sergei Shirokov, Kevin Shattenkirk) at 12:24 (SH)
10. Blues , Travis Zajac 34 (Joe Pavelski, Paul Kariya) at 14:18

Penalties :
Marian Hossa (STL) for Interference (Minor) at 3:12, Dan Boyle (STL) for Tripping (Minor) at 5:45, Joe Pavelski (STL) for Hooking (Minor) at 10:49, Chris Drury (Min) for Hooking (Minor) at 15:21

Overtime #1

No Goal

Penalties :
Nik Antropov (STL) for Diving (Minor) at 1:00

Shootout

Penalty Shot by David Perron for Blues - Shot Misses the Net
Penalty Shot by Daniel Briere for Wild - Stopped by Cory Schneider
Penalty Shot by Joe Pavelski for Blues - Shot Misses the Net
Penalty Shot by Chris Drury for Wild - Shot Misses the Net
Penalty Shot by Marian Hossa for Blues - Goal!
Penalty Shot by Vaclav Prospal for Wild - Stopped by Cory Schneider

Penalties :
No Penalty

Goalie Stats

Cory Schneider (STL), 39 saves from 44 shots - (0,886), W, 5-5-1, 65:00 minutes
Martin Brodeur (Min), 33 saves from 38 shots - (0,868), OTL, 29-20-3, 65:00 minutes

Players Stats for Blues

Player Name              G  A  P  +/- PIM S  H  SB GA TA FO     MP     PP MP  PK MP  
------------------------------------------------------------------------------------
Ales Kotalik             2  0  2   2  0   3  1  0  0  0  0/0     9:26   0:00   3:14 
Andrew Cogliano          0  1  1  -2  0   5  2  0  0  1  5/9    13:26   0:00   1:51 
Brent Burns              1  0  1   2  0   3  1  4  0  3  0/0    26:26   1:57   4:40 
Brian Lee                0  0  0   0  2   0  0  0  0  0  0/0    15:43   0:35   0:55 
Bryce Lampman            0  0  0  -3  0   0  2  1  0  1  0/0    26:55   0:00   6:47 
Dan Boyle                0  0  0  -2  2   0  1  3  2  1  0/0    27:25   1:57   0:55 
David Perron             0  0  0   0  0   1  0  0  0  0  1/2    12:09   0:41   0:00 
Derek Boogaard           0  1  1   1  0   0  1  0  0  0  0/0     8:52   0:00   1:58 
Drew Fata                0  1  1   1  0   1  1  0  0  0  0/0    17:09   0:00   6:49 
Erik Rasmussen           0  1  1   1  0   0  0  0  0  0  3/3     5:57   0:00   0:00 
Joe Pavelski             0  1  1   0  2   3  1  0  0  1  0/1    17:47   0:41   0:00 
Kevin Shattenkirk        0  1  1   2  0   1  0  0  0  0  0/0    17:06   0:35   4:42 
Marian Hossa             0  1  1   0  4   6  1  1  0  0  1/4    15:14   1:51   0:00 
Nik Antropov             0  0  0   0  2   4  2  0  0  1  5/21   20:51   1:51   5:35 
Paul Kariya              1  2  3   0  2   2  2  1  0  1  2/2    21:36   1:51   0:00 
Sergei Shirokov          0  1  1  -1  0   2  0  0  0  1  0/1    14:26   0:00   3:45 
Taylor Pyatt             0  0  0  -2  0   0  2  0  0  2  2/2    17:35   0:00   6:26 
Travis Zajac             1  0  1   0  0   7  1  1  1  0  15/29  19:26   0:41   0:00 

Players Stats for Wild

Player Name              G  A  P  +/- PIM S  H  SB GA TA FO     MP     PP MP  PK MP  
------------------------------------------------------------------------------------
Alexander Perezhogin     0  0  0  -1  0   0  0  0  0  0  0/0     6:36   0:09   0:00 
Alexei Kovalev           0  1  1   1  0   2  2  0  2  0  0/0    18:01   4:14   0:00 
Anson Carter             0  2  2   1  0   2  0  0  2  0  0/0     9:58   0:00   0:00 
Chris Drury              0  2  2  -1  2   3  1  0  3  0  23/36  25:14   6:02   0:00 
Cody McLeod              0  0  0  -1  0   0  2  0  0  0  0/0     9:44   0:09   0:43 
Daniel Briere            1  1  2  -1  2   12 2  0  0  0  4/5    24:38   6:02   0:00 
Fedor Tyutin             0  0  0   1  0   3  4  0  1  1  0/0    29:17   6:45   0:00 
Fredrik Modin            1  0  1   1  0   1  0  0  0  0  0/0    11:34   0:00   0:15 
Glen Metropolit          1  1  2   1  0   4  0  0  0  0  3/8    13:51   0:09   1:40 
Greg Zanon               0  1  1  -3  0   1  1  2  0  0  0/0    22:56   3:40   0:38 
Mark Eaton               0  0  0  -3  0   0  0  1  1  0  0/0    23:03   3:40   1:54 
Matt Moulson             0  0  0   1  0   1  1  0  0  0  1/1    17:28   4:14   0:00 
Mike Green               0  2  2   1  0   3  1  0  1  1  0/0    28:36   6:45   0:00 
R.J. Umberger            1  0  1  -1  0   7  2  0  1  0  0/3    23:40   6:02   0:00 
Rich Peverley            0  0  0  -1  0   1  1  1  1  0  2/5     6:37   0:00   0:46 
Shane Hnidy              0  0  0   2  0   0  0  0  0  0  0/0    12:40   0:00   0:38 
Toni Lydman              0  0  0   2  0   0  0  1  0  1  0/0    13:28   0:00   1:54 
Vaclav Prospal           1  0  1   1  0   4  0  3  0  0  7/16   20:05   4:14   1:40 

3 Stars

1 - Ales Kotalik (STL)
2 - Paul Kariya (STL)
3 - Brent Burns (STL)

Power Play

Blues - 1 on 2 Attempt(s) - 50,00%
Wild - 1 on 7 Attempt(s) - 14,29%

Penalty Kill

Blues - 6 on 7 Attempt(s) - 85,71% - Score 1 goal in Penalty Kill
Wild - 1 on 2 Attempt(s) - 50,00% - Score 0 goal in Penalty Kill

Team Stat

Blues - Hits : 18 - Faceoff Wins : 34 - Blocked Shots : 11 - Penalty Minutes : 14
Wild - Hits : 17 - Faceoff Wins : 40 - Blocked Shots : 8 - Penalty Minutes : 4

Official

Referees : Joannette Marc and StLaurent Francois
Linesman : Scott Driscoll and Mark Wheler

Game Notes

No Game Note

Finance

Level 1 -- Attendance: 3308 (55,13%) -- Ticket Income 413 500 $
Level 2 -- Attendance: 3131 (62,62%) -- Ticket Income 234 825 $
Level 3 -- Attendance: 1084 (54,20%) -- Ticket Income 54 200 $
Level 4 -- Attendance: 1894 (47,35%) -- Ticket Income 75 760 $
Luxury Box -- Attendance: 673 (67,30%) -- Ticket Income 134 600 $
Game was played at the Forest Center'
Total Attendance: 10090 (56,06%)
Total Ticket Income: 912 885 $
Other Income: 136 933 $
Total Income: 1 049 818 $

Blues

5 vs 5 Forward 
   Center                   Left Wing                Right Wing               Time % Phy DF OF 
 1 Travis Zajac             Paul Kariya              Joe Pavelski             40     1   2  2  
 2 Nik Antropov             David Perron             Marian Hossa             30     1   2  2  
 3 Andrew Cogliano          Taylor Pyatt             Sergei Shirokov          20     1   2  2  
 4 Erik Rasmussen           Derek Boogaard           Ales Kotalik             10     1   2  2  

5 vs 5 Defense 
   Defense                  Defense                                           Time % Phy DF OF 
 1 Dan Boyle                Bryce Lampman                                     40     1   2  2  
 2 Brent Burns              Brian Lee                                         30     1   2  2  
 3 Drew Fata                Kevin Shattenkirk                                 20     1   2  2  
 4 Dan Boyle                Brent Burns                                       10     1   2  2  

PowerPlay Forward 
   Center                   Left Wing                Right Wing               Time % Phy DF OF 
 1 Nik Antropov             Paul Kariya              Marian Hossa             60     1   2  2  
 2 Travis Zajac             David Perron             Joe Pavelski             40     1   2  2  

PowerPlay Defense
   Defense                  Defense                                           Time % Phy DF OF 
 1 Dan Boyle                Brent Burns                                       60     1   2  2  
 2 Brian Lee                Kevin Shattenkirk                                 40     1   2  2  

Penalty Kill 4 Players Forward 
   Center                   Wing                     Time % Phy DF OF 
 1 Nik Antropov             Taylor Pyatt             60     1   2  2  
 2 Ales Kotalik             Sergei Shirokov          40     1   2  2  

Penalty Kill 4 Players Defense
   Defense                  Defense                  Time % Phy DF OF 
 1 Bryce Lampman            Drew Fata                60     1   2  2  
 2 Brent Burns              Kevin Shattenkirk        40     1   2  2  

Penalty Kill - 3 Players Forward 
   Forward                                           Time % Phy DF OF 
 1 Taylor Pyatt                                      60     1   2  2  
 2 Ales Kotalik                                      40     1   2  2  

Penalty Kill - 3 Players Defense
   Defense                  Defense                  Time % Phy DF OF 
 1 Drew Fata                Bryce Lampman            60     1   2  2  
 2 Brian Lee                Dan Boyle                40     1   2  2  

4 vs 4 Forward 
   Center                   Wing                     Time % Phy DF OF 
 1 Travis Zajac             Paul Kariya              60     1   2  2  
 2 Nik Antropov             Marian Hossa             40     1   2  2  

4 vs 4 Defense
   Defense                  Defense                  Time % Phy DF OF 
 1 Dan Boyle                Bryce Lampman            60     1   2  2  
 2 Brent Burns              Brian Lee                40     1   2  2  

Last Minutes Offensive
   Center                   Left Wing                Right Wing               Defense                  Defense                  
   Travis Zajac             Paul Kariya              Marian Hossa             Dan Boyle                Brent Burns              

Last Minutes Defensive
   Center                   Left Wing                Right Wing               Defense                  Defense                  
   Nik Antropov             Taylor Pyatt             Sergei Shirokov          Bryce Lampman            Drew Fata                

Goaltenders
Starting : Cory Schneider           
Backup : Tuukka Rask              

Extra Forwards
Normal : Andrew Cogliano, Taylor Pyatt, Sergei Shirokov - PP : Andrew Cogliano, Taylor Pyatt - PK : Sergei Shirokov
Extra Defensemen
Normal : Brian Lee, Kevin Shattenkirk, Bryce Lampman - PP : Brian Lee - PK : Kevin Shattenkirk, Dan Boyle
Penalty Shots
David Perron, Joe Pavelski, Marian Hossa, Travis Zajac, Nik Antropov

Wild

5 vs 5 Forward 
   Center                   Left Wing                Right Wing               Time % Phy DF OF 
 1 Chris Drury              R.J. Umberger            Daniel Briere            40     0   1  4  
 2 Vaclav Prospal           Matt Moulson             Alexei Kovalev           30     1   1  3  
 3 Glen Metropolit          Fredrik Modin            Anson Carter             20     1   1  3  
 4 Rich Peverley            Cody McLeod              Alexander Perezhogin     10     2   1  2  

5 vs 5 Defense 
   Defense                  Defense                                           Time % Phy DF OF 
 1 Mike Green               Fedor Tyutin                                      40     2   1  2  
 2 Mark Eaton               Greg Zanon                                        30     2   2  1  
 3 Toni Lydman              Shane Hnidy                                       20     1   3  1  
 4 Fedor Tyutin             Mike Green                                        10     1   3  1  

PowerPlay Forward 
   Center                   Left Wing                Right Wing               Time % Phy DF OF 
 1 Chris Drury              R.J. Umberger            Daniel Briere            60     0   0  5  
 2 Vaclav Prospal           Matt Moulson             Alexei Kovalev           40     0   0  5  

PowerPlay Defense
   Defense                  Defense                                           Time % Phy DF OF 
 1 Mike Green               Fedor Tyutin                                      60     0   2  3  
 2 Mark Eaton               Greg Zanon                                        40     0   2  3  

Penalty Kill 4 Players Forward 
   Center                   Wing                     Time % Phy DF OF 
 1 Glen Metropolit          Vaclav Prospal           60     1   3  1  
 2 Fredrik Modin            Rich Peverley            40     1   3  1  

Penalty Kill 4 Players Defense
   Defense                  Defense                  Time % Phy DF OF 
 1 Mark Eaton               Toni Lydman              60     2   3  0  
 2 Greg Zanon               Shane Hnidy              40     2   3  0  

Penalty Kill - 3 Players Forward 
   Forward                                           Time % Phy DF OF 
 1 Glen Metropolit                                   60     1   4  0  
 2 Fredrik Modin                                     40     1   4  0  

Penalty Kill - 3 Players Defense
   Defense                  Defense                  Time % Phy DF OF 
 1 Mark Eaton               Toni Lydman              60     2   3  0  
 2 Shane Hnidy              Greg Zanon               40     2   3  0  

4 vs 4 Forward 
   Center                   Wing                     Time % Phy DF OF 
 1 Daniel Briere            Chris Drury              60     1   1  3  
 2 Vaclav Prospal           R.J. Umberger            40     1   1  3  

4 vs 4 Defense
   Defense                  Defense                  Time % Phy DF OF 
 1 Mike Green               Fedor Tyutin             60     1   3  1  
 2 Mark Eaton               Greg Zanon               40     1   3  1  

Last Minutes Offensive
   Center                   Left Wing                Right Wing               Defense                  Defense                  
   Chris Drury              R.J. Umberger            Daniel Briere            Mike Green               Fedor Tyutin             

Last Minutes Defensive
   Center                   Left Wing                Right Wing               Defense                  Defense                  
   Glen Metropolit          Fredrik Modin            Rich Peverley            Shane Hnidy              Mark Eaton               

Goaltenders
Starting : Martin Brodeur           
Backup : Julien Ellis             

Extra Forwards
Normal : Chris Drury, Daniel Briere, Alexei Kovalev - PP : Chris Drury, Daniel Briere - PK : Glen Metropolit
Extra Defensemen
Normal : Mike Green, Fedor Tyutin, Shane Hnidy - PP : Mike Green - PK : Fedor Tyutin, Mark Eaton
Penalty Shots
Daniel Briere, Chris Drury, Vaclav Prospal, R.J. Umberger, Alexei Kovalev

% Time on Ice - Blues

Lines # - Real PCT - Wanted PCT - Time Play
Normal Forward
1 - 42% - 40% - 19:41
2 - 25% - 30% - 11:32
3 - 21% - 20% - 9:53
4 - 13% - 10% - 5:57
Normal Defense
1 - 41% - 40% - 19:17
2 - 30% - 30% - 14:04
3 - 21% - 20% - 9:51
4 - 8% - 10% - 3:51
PP Forward
1 - 73% - 60% - 1:51
2 - 27% - 40% - 0:41
PP Defense
1 - 77% - 60% - 1:57
2 - 23% - 40% - 0:35
PK Forward
1 - 73% - 60% - 7:34
2 - 27% - 40% - 2:51
PK Defense
1 - 56% - 60% - 5:53
2 - 44% - 40% - 4:32
PK3 Forward
1 - 81% - 60% - 1:36
2 - 19% - 40% - 0:23
PK3 Defense
1 - 54% - 60% - 1:04
2 - 46% - 40% - 0:55
44 Forward
1 - 76% - 60% - 2:17
2 - 24% - 40% - 0:44
44 Defense
1 - 47% - 60% - 1:25
2 - 53% - 40% - 1:36
Last Minute Offensive  - 0:00
Last Minute Defensive  - 0:00
Total
Forward - 65:00
Defense - 65:00

% Time on Ice - Wild

Lines # - Real PCT - Wanted PCT - Time Play
Normal Forward
1 - 36% - 40% - 17:04
2 - 30% - 30% - 14:10
3 - 21% - 20% - 9:58
4 - 12% - 10% - 5:51
Normal Defense
1 - 37% - 40% - 17:17
2 - 36% - 30% - 16:56
3 - 23% - 20% - 10:50
4 - 4% - 10% - 2:00
PP Forward
1 - 59% - 60% - 6:11
2 - 41% - 40% - 4:14
PP Defense
1 - 65% - 60% - 6:45
2 - 35% - 40% - 3:40
PK Forward
1 - 90% - 60% - 2:17
2 - 10% - 40% - 0:15
PK Defense
1 - 75% - 60% - 1:54
2 - 25% - 40% - 0:38
PK3 Forward
1 - 0% - 60%
2 - 0% - 40%
PK3 Defense
1 - 0% - 60%
2 - 0% - 40%
44 Forward
1 - 77% - 60% - 3:50
2 - 23% - 40% - 1:10
44 Defense
1 - 51% - 60% - 2:34
2 - 49% - 40% - 2:26
Last Minute Offensive  - 0:00
Last Minute Defensive  - 0:00
Total
Forward - 65:00
Defense - 65:00

Play by Play

1st period


0:01 of 1st period - Chris Drury wins face-off versus Travis Zajac in neutral zone.
0:08 of 1st period - Snap shot by Daniel Briere.
0:08 of 1st period - Shot Misses the Net.
0:10 of 1st period - Slapshot by Chris Drury.
0:10 of 1st period - Shot Misses the Net.
0:12 of 1st period - Snap shot by R.J. Umberger.
0:12 of 1st period - Stopped by Cory Schneider with a rebound.
0:14 of 1st period - Wrist shot by R.J. Umberger.
0:14 of 1st period - Shot Misses the Net.
0:16 of 1st period - Snap shot by R.J. Umberger.
0:16 of 1st period - Shot Blocked by Dan Boyle.
0:38 of 1st period - Snap shot by Marian Hossa.
0:38 of 1st period - Stopped by Martin Brodeur without a rebound.
0:39 of 1st period - Andrew Cogliano wins face-off versus Glen Metropolit in Wild zone.
1:27 of 1st period - Greg Zanon is hit by Drew Fata.
1:31 of 1st period - Drew Fata is hit by R.J. Umberger and loses puck.
2:54 of 1st period - Mike Green is hit by Paul Kariya and loses puck.
2:59 of 1st period - Snap shot by Travis Zajac.
2:59 of 1st period - Shot Misses the Net.
3:11 of 1st period - Wrist shot by Marian Hossa.
3:11 of 1st period - Shot Blocked by Vaclav Prospal.
3:13 of 1st period - Wrist shot by Marian Hossa.
3:13 of 1st period - Stopped by Martin Brodeur with a rebound.
3:15 of 1st period - Slapshot by Kevin Shattenkirk.
3:15 of 1st period - Shot Misses the Net.
3:55 of 1st period - Wrist shot by Paul Kariya.
3:55 of 1st period - Goal by Paul Kariya - Blues : 1 - Wild : 0.
3:56 of 1st period - Daniel Briere wins face-off versus Travis Zajac in neutral zone.
4:03 of 1st period - Snap shot by R.J. Umberger.
4:03 of 1st period - Goal by R.J. Umberger - Blues : 1 - Wild : 1.
4:04 of 1st period - Travis Zajac wins face-off versus Vaclav Prospal in neutral zone.
4:37 of 1st period - Wrist shot by Daniel Briere.
4:37 of 1st period - Shot Blocked by Dan Boyle.
4:39 of 1st period - Snap shot by R.J. Umberger.
4:39 of 1st period - Shot Misses the Net.
4:41 of 1st period - Wrist shot by R.J. Umberger.
4:41 of 1st period - Stopped by Cory Schneider with a rebound.
4:43 of 1st period - Snap shot by Chris Drury.
4:43 of 1st period - Shot Misses the Net.
4:45 of 1st period - Backhand shot by Daniel Briere.
4:45 of 1st period - Stopped by Cory Schneider with a rebound.
5:16 of 1st period - Dan Boyle is hit by Cody McLeod and loses puck.
5:27 of 1st period - Wrist shot by Dan Boyle.
5:27 of 1st period - Deflect By Andrew Cogliano.
5:27 of 1st period - Stopped by Martin Brodeur without a rebound.
5:28 of 1st period - Vaclav Prospal wins face-off versus Joe Pavelski in Wild zone.
5:28 of 1st period - Vaclav Prospal is hit by Paul Kariya.
5:38 of 1st period - Wrist shot by Vaclav Prospal.
5:38 of 1st period - Stopped by Cory Schneider with a rebound.
5:41 of 1st period - Icing by Joe Pavelski.
5:42 of 1st period - Chris Drury wins face-off versus Travis Zajac in Blues zone.
5:45 of 1st period - Snap shot by Chris Drury.
5:45 of 1st period - Stopped by Cory Schneider with a rebound.
5:47 of 1st period - Slapshot by Fedor Tyutin.
5:47 of 1st period - Stopped by Cory Schneider without a rebound.
5:48 of 1st period - Chris Drury wins face-off versus Nik Antropov in Blues zone.
5:49 of 1st period - Slapshot by R.J. Umberger.
5:49 of 1st period - Stopped by Cory Schneider with a rebound.
5:51 of 1st period - Slapshot by Fedor Tyutin.
5:51 of 1st period - Stopped by Cory Schneider with a rebound.
6:01 of 1st period - Wrist shot by Daniel Briere.
6:01 of 1st period - Stopped by Cory Schneider with a rebound.
6:03 of 1st period - Slapshot by Mike Green.
6:03 of 1st period - Shot Blocked by Brent Burns.
6:05 of 1st period - Slapshot by Mike Green.
6:05 of 1st period - Stopped by Cory Schneider with a rebound.
6:48 of 1st period - Off-side.
6:49 of 1st period - Travis Zajac wins face-off versus Chris Drury in neutral zone.
6:52 of 1st period - Snap shot by Travis Zajac.
6:52 of 1st period - Stopped by Martin Brodeur with a rebound.
7:00 of 1st period - Slapshot by Paul Kariya.
7:00 of 1st period - Shot Blocked by Greg Zanon.
7:21 of 1st period - Wrist shot by Daniel Briere.
7:21 of 1st period - Stopped by Cory Schneider with a rebound.
7:41 of 1st period - Slapshot by Ales Kotalik.
7:41 of 1st period - Shot Misses the Net.
7:43 of 1st period - Snap shot by Brian Lee.
7:43 of 1st period - Shot Misses the Net.
8:25 of 1st period - Backhand shot by Anson Carter.
8:25 of 1st period - Stopped by Cory Schneider with a rebound.
8:41 of 1st period - Wrist shot by Ales Kotalik.
8:41 of 1st period - Shot Misses the Net.
8:49 of 1st period - Snap shot by Ales Kotalik.
8:49 of 1st period - Shot Misses the Net.
9:04 of 1st period - Mike Green is hit by Taylor Pyatt and loses puck.
9:55 of 1st period - Off-side.
9:56 of 1st period - Vaclav Prospal wins face-off versus Travis Zajac in neutral zone.
10:18 of 1st period - Minor Penalty to Brian Lee for Roughing.
10:19 of 1st period - Chris Drury wins face-off versus Nik Antropov in Blues zone.
12:12 of 1st period - Daniel Briere is hit by Bryce Lampman and loses puck.
12:18 of 1st period - Penalty to Brian Lee is over, Brian Lee is back on ice.
12:49 of 1st period - Wrist shot by Andrew Cogliano.
12:49 of 1st period - Stopped by Martin Brodeur without a rebound.
12:50 of 1st period - Travis Zajac wins face-off versus Rich Peverley in Wild zone.
12:51 of 1st period - Wrist shot by Paul Kariya.
12:51 of 1st period - Shot Blocked by Greg Zanon.
12:53 of 1st period - Slapshot by Brent Burns.
12:53 of 1st period - Shot Misses the Net.
12:55 of 1st period - Slapshot by Dan Boyle.
12:55 of 1st period - Shot Blocked by Mark Eaton.
12:57 of 1st period - Snap shot by Brent Burns.
12:57 of 1st period - Stopped by Martin Brodeur without a rebound.
12:58 of 1st period - Travis Zajac wins face-off versus Vaclav Prospal in Wild zone.
13:25 of 1st period - Wrist shot by Marian Hossa.
13:25 of 1st period - Shot Misses the Net.
13:27 of 1st period - Slapshot by Marian Hossa.
13:27 of 1st period - Stopped by Martin Brodeur without a rebound.
13:28 of 1st period - Nik Antropov wins face-off versus Chris Drury in Wild zone.
14:02 of 1st period - Snap shot by Travis Zajac.
14:02 of 1st period - Stopped by Martin Brodeur with a rebound.
14:24 of 1st period - Snap shot by Andrew Cogliano.
14:24 of 1st period - Shot Misses the Net.
14:28 of 1st period - Snap shot by Andrew Cogliano.
14:28 of 1st period - Stopped by Martin Brodeur with a rebound.
14:57 of 1st period - Off-side.
14:58 of 1st period - David Perron wins face-off versus R.J. Umberger in neutral zone.
16:24 of 1st period - Icing by Shane Hnidy.
16:25 of 1st period - Rich Peverley wins face-off versus Nik Antropov in Wild zone.
16:32 of 1st period - Snap shot by David Perron.
16:32 of 1st period - Stopped by Martin Brodeur without a rebound.
16:33 of 1st period - Travis Zajac wins face-off versus Chris Drury in Wild zone.
16:36 of 1st period - Snap shot by Travis Zajac.
16:36 of 1st period - Stopped by Martin Brodeur with a rebound.
16:38 of 1st period - Slapshot by Brian Lee.
16:38 of 1st period - Shot Misses the Net.
16:40 of 1st period - Wrist shot by Joe Pavelski.
16:40 of 1st period - Stopped by Martin Brodeur without a rebound.
16:41 of 1st period - Chris Drury wins face-off versus Travis Zajac in Wild zone.
17:21 of 1st period - Slapshot by Nik Antropov.
17:21 of 1st period - Shot Misses the Net.
17:39 of 1st period - Snap shot by Anson Carter.
17:39 of 1st period - Shot Misses the Net.
17:41 of 1st period - Slapshot by Greg Zanon.
17:41 of 1st period - Stopped by Cory Schneider with a rebound.
17:43 of 1st period - Snap shot by Glen Metropolit.
17:43 of 1st period - Stopped by Cory Schneider without a rebound.
17:44 of 1st period - Travis Zajac wins face-off versus Chris Drury in Blues zone.
18:01 of 1st period - Wrist shot by R.J. Umberger.
18:01 of 1st period - Stopped by Cory Schneider without a rebound.
18:02 of 1st period - Nik Antropov wins face-off versus Vaclav Prospal in Blues zone.
18:17 of 1st period - Snap shot by Alexei Kovalev.
18:17 of 1st period - Stopped by Cory Schneider without a rebound.
18:18 of 1st period - Travis Zajac wins face-off versus Chris Drury in Blues zone.
18:25 of 1st period - Snap shot by Paul Kariya.
18:25 of 1st period - Shot Misses the Net.
18:43 of 1st period - Marian Hossa is hit by Matt Moulson and loses puck.
18:50 of 1st period - Vaclav Prospal is hit by Nik Antropov and loses puck.
19:13 of 1st period - Icing by Brent Burns.
19:14 of 1st period - Andrew Cogliano wins face-off versus Chris Drury in Blues zone.
19:31 of 1st period - Backhand shot by Taylor Pyatt.
19:31 of 1st period - Deflect By Sergei Shirokov.
19:31 of 1st period - Stopped by Martin Brodeur with a rebound.
Goals for this period are 1 for Blues vs 1 for Wild.
Shots for this period are 14 for Blues vs 17 for Wild.

2nd period


0:01 of 2nd period - Chris Drury wins face-off versus Travis Zajac in neutral zone.
0:38 of 2nd period - Slapshot by Vaclav Prospal.
0:38 of 2nd period - Stopped by Cory Schneider without a rebound.
0:39 of 2nd period - Erik Rasmussen wins face-off versus Vaclav Prospal in Blues zone.
0:39 of 2nd period - Erik Rasmussen is hit by Fedor Tyutin.
0:53 of 2nd period - Snap shot by Derek Boogaard.
0:53 of 2nd period - Shot Blocked by Vaclav Prospal.
1:05 of 2nd period - Paul Kariya is hit by Chris Drury and loses puck.
1:10 of 2nd period - Snap shot by Chris Drury.
1:10 of 2nd period - Shot Misses the Net.
1:12 of 2nd period - Snap shot by Chris Drury.
1:12 of 2nd period - Stopped by Cory Schneider without a rebound.
1:13 of 2nd period - Chris Drury wins face-off versus Nik Antropov in Blues zone.
2:09 of 2nd period - Icing by Mark Eaton.
2:10 of 2nd period - Erik Rasmussen wins face-off versus Glen Metropolit in Wild zone.
2:13 of 2nd period - Wrist shot by Ales Kotalik.
2:13 of 2nd period - Goal by Ales Kotalik - Blues : 2 - Wild : 1.
2:14 of 2nd period - Daniel Briere wins face-off versus Travis Zajac in neutral zone.
2:25 of 2nd period - Slapshot by Daniel Briere.
2:25 of 2nd period - Stopped by Cory Schneider with a rebound.
2:29 of 2nd period - Wrist shot by Chris Drury.
2:29 of 2nd period - Shot Misses the Net.
2:50 of 2nd period - Snap shot by Marian Hossa.
2:50 of 2nd period - Stopped by Martin Brodeur with a rebound.
2:52 of 2nd period - Slapshot by Dan Boyle.
2:52 of 2nd period - Shot Misses the Net.
3:29 of 2nd period - Icing by Taylor Pyatt.
3:30 of 2nd period - Chris Drury wins face-off versus Andrew Cogliano in Blues zone.
3:31 of 2nd period - Wrist shot by Daniel Briere.
3:31 of 2nd period - Shot Blocked by Brent Burns.
3:46 of 2nd period - Off-side.
3:47 of 2nd period - Travis Zajac wins face-off versus Vaclav Prospal in neutral zone.
5:29 of 2nd period - Off-side.
5:30 of 2nd period - Travis Zajac wins face-off versus Chris Drury in neutral zone.
5:37 of 2nd period - Mike Green is hit by Travis Zajac and loses puck.
6:02 of 2nd period - Wrist shot by Rich Peverley.
6:02 of 2nd period - Stopped by Cory Schneider with a rebound.
6:20 of 2nd period - Slapshot by Alexei Kovalev.
6:20 of 2nd period - Shot Misses the Net.
6:22 of 2nd period - Slapshot by Mike Green.
6:22 of 2nd period - Shot Hit the Post.
6:24 of 2nd period - Snap shot by Vaclav Prospal.
6:24 of 2nd period - Goal by Vaclav Prospal - Blues : 2 - Wild : 2.
6:25 of 2nd period - Chris Drury wins face-off versus David Perron in neutral zone.
6:32 of 2nd period - Slapshot by Daniel Briere.
6:32 of 2nd period - Stopped by Cory Schneider with a rebound.
6:34 of 2nd period - Wrist shot by Daniel Briere.
6:34 of 2nd period - Stopped by Cory Schneider with a rebound.
6:36 of 2nd period - Slapshot by Daniel Briere.
6:36 of 2nd period - Shot Blocked by Marian Hossa.
6:38 of 2nd period - Snap shot by Shane Hnidy.
6:38 of 2nd period - Shot Misses the Net.
6:40 of 2nd period - Snap shot by R.J. Umberger.
6:40 of 2nd period - Stopped by Cory Schneider without a rebound.
6:41 of 2nd period - Vaclav Prospal wins face-off versus Andrew Cogliano in Blues zone.
6:42 of 2nd period - Snap shot by Alexei Kovalev.
6:42 of 2nd period - Stopped by Cory Schneider without a rebound.
6:43 of 2nd period - Matt Moulson wins face-off versus Sergei Shirokov in Blues zone.
7:14 of 2nd period - Slapshot by Glen Metropolit.
7:14 of 2nd period - Stopped by Cory Schneider with a rebound.
7:18 of 2nd period - Slapshot by Mike Green.
7:18 of 2nd period - Stopped by Cory Schneider with a rebound.
7:44 of 2nd period - Slapshot by Marian Hossa.
7:44 of 2nd period - Shot Misses the Net.
7:54 of 2nd period - Paul Kariya is hit by Rich Peverley and loses puck.
8:13 of 2nd period - Minor Penalty to Paul Kariya for Holding.
8:14 of 2nd period - Nik Antropov wins face-off versus Chris Drury in Blues zone.
8:23 of 2nd period - Brent Burns is hit by Fedor Tyutin and loses puck.
10:13 of 2nd period - Penalty to Paul Kariya is over, Paul Kariya is back on ice.
10:48 of 2nd period - Anson Carter is hit by Ales Kotalik and loses puck.
10:53 of 2nd period - Snap shot by Ales Kotalik.
10:53 of 2nd period - Shot Blocked by Toni Lydman.
11:05 of 2nd period - Wrist shot by Travis Zajac.
11:05 of 2nd period - Shot Misses the Net.
11:07 of 2nd period - Snap shot by Bryce Lampman.
11:07 of 2nd period - Shot Misses the Net.
11:09 of 2nd period - Wrist shot by Travis Zajac.
11:09 of 2nd period - Stopped by Martin Brodeur without a rebound.
11:10 of 2nd period - Travis Zajac wins face-off versus Rich Peverley in Wild zone.
11:13 of 2nd period - Slapshot by Joe Pavelski.
11:13 of 2nd period - Stopped by Martin Brodeur without a rebound.
11:14 of 2nd period - Rich Peverley wins face-off versus Nik Antropov in Wild zone.
12:34 of 2nd period - Off-side.
12:35 of 2nd period - Chris Drury wins face-off versus Marian Hossa in neutral zone.
12:45 of 2nd period - Off-side.
12:46 of 2nd period - Chris Drury wins face-off versus Marian Hossa in neutral zone.
12:49 of 2nd period - Slapshot by Mike Green.
12:49 of 2nd period - Stopped by Cory Schneider with a rebound.
12:51 of 2nd period - Slapshot by Daniel Briere.
12:51 of 2nd period - Stopped by Cory Schneider with a rebound.
13:13 of 2nd period - Joe Pavelski is hit by Alexei Kovalev and loses puck.
13:20 of 2nd period - Slapshot by Dan Boyle.
13:20 of 2nd period - Shot Blocked by Vaclav Prospal.
13:34 of 2nd period - Wrist shot by Ales Kotalik.
13:34 of 2nd period - Stopped by Martin Brodeur without a rebound.
13:35 of 2nd period - Erik Rasmussen wins face-off versus Glen Metropolit in Wild zone.
14:03 of 2nd period - Brian Lee is hit by Greg Zanon and loses puck.
14:10 of 2nd period - Snap shot by Nik Antropov.
14:10 of 2nd period - Stopped by Martin Brodeur without a rebound.
14:11 of 2nd period - Travis Zajac wins face-off versus Vaclav Prospal in Wild zone.
14:24 of 2nd period - Wrist shot by Paul Kariya.
14:24 of 2nd period - Shot Misses the Net.
14:26 of 2nd period - Slapshot by Dan Boyle.
14:26 of 2nd period - Deflect By Joe Pavelski.
14:26 of 2nd period - Shot Misses the Net.
14:26 of 2nd period - Puck is out of play.
14:27 of 2nd period - Chris Drury wins face-off versus Nik Antropov in Wild zone.
14:29 of 2nd period - Minor Penalty to Daniel Briere for Tripping.
14:30 of 2nd period - Paul Kariya wins face-off versus Glen Metropolit in Wild zone.
14:36 of 2nd period - Snap shot by Nik Antropov.
14:36 of 2nd period - Shot Misses the Net.
14:38 of 2nd period - Snap shot by Marian Hossa.
14:38 of 2nd period - Deflect By Paul Kariya.
14:38 of 2nd period - Stopped by Martin Brodeur without a rebound.
14:39 of 2nd period - Glen Metropolit wins face-off versus Nik Antropov in Wild zone.
14:54 of 2nd period - Snap shot by Marian Hossa.
14:54 of 2nd period - Stopped by Martin Brodeur without a rebound.
14:55 of 2nd period - Marian Hossa wins face-off versus Glen Metropolit in Wild zone.
14:58 of 2nd period - Slapshot by Marian Hossa.
14:58 of 2nd period - Stopped by Martin Brodeur with a rebound.
15:00 of 2nd period - Slapshot by Brent Burns.
15:00 of 2nd period - Stopped by Martin Brodeur with a rebound.
15:02 of 2nd period - Slapshot by Brent Burns.
15:02 of 2nd period - Goal by Brent Burns - Blues : 3 - Wild : 2.
15:03 of 2nd period - Travis Zajac wins face-off versus R.J. Umberger in neutral zone.
15:20 of 2nd period - Off-side.
15:21 of 2nd period - Vaclav Prospal wins face-off versus Nik Antropov in neutral zone.
15:31 of 2nd period - Minor Penalty to Marian Hossa for Hooking.
15:32 of 2nd period - Chris Drury wins face-off versus Nik Antropov in Blues zone.
15:44 of 2nd period - Wrist shot by Daniel Briere.
15:44 of 2nd period - Shot Misses the Net.
16:08 of 2nd period - Bryce Lampman is hit by Fedor Tyutin and loses puck.
16:53 of 2nd period - Backhand shot by Andrew Cogliano.
16:53 of 2nd period - Deflect By Chris Drury.
16:53 of 2nd period - Shot Misses the Net.
16:53 of 2nd period - Puck is out of play.
16:54 of 2nd period - Andrew Cogliano wins face-off versus Chris Drury in Wild zone.
17:13 of 2nd period - Mike Green is hit by Bryce Lampman and loses puck.
17:31 of 2nd period - Penalty to Marian Hossa is over, Marian Hossa is back on ice.
17:37 of 2nd period - Off-side.
17:38 of 2nd period - Glen Metropolit wins face-off versus Travis Zajac in neutral zone.
18:03 of 2nd period - Alexei Kovalev is hit by Marian Hossa and loses puck.
18:30 of 2nd period - Slapshot by Daniel Briere.
18:30 of 2nd period - Deflect By Chris Drury.
18:30 of 2nd period - Shot Misses the Net.
18:30 of 2nd period - Puck is out of play.
18:31 of 2nd period - Travis Zajac wins face-off versus Chris Drury in Blues zone.
18:42 of 2nd period - Slapshot by Daniel Briere.
18:42 of 2nd period - Stopped by Cory Schneider with a rebound.
18:44 of 2nd period - Wrist shot by Daniel Briere.
18:44 of 2nd period - Shot Misses the Net.
18:46 of 2nd period - Slapshot by Fedor Tyutin.
18:46 of 2nd period - Stopped by Cory Schneider with a rebound.
19:00 of 2nd period - Snap shot by R.J. Umberger.
19:00 of 2nd period - Shot Misses the Net.
19:02 of 2nd period - Snap shot by Fedor Tyutin.
19:02 of 2nd period - Shot Blocked by Travis Zajac.
19:10 of 2nd period - Snap shot by Daniel Briere.
19:10 of 2nd period - Stopped by Cory Schneider with a rebound.
19:12 of 2nd period - Wrist shot by Chris Drury.
19:12 of 2nd period - Stopped by Cory Schneider without a rebound.
19:13 of 2nd period - Nik Antropov wins face-off versus Vaclav Prospal in Blues zone.
19:39 of 2nd period - Anson Carter is hit by Taylor Pyatt and loses puck.
19:49 of 2nd period - Slapshot by Glen Metropolit.
19:49 of 2nd period - Goal by Glen Metropolit - Blues : 3 - Wild : 3.
19:50 of 2nd period - Paul Kariya wins face-off versus Chris Drury in neutral zone.
Goals for this period are 2 for Blues vs 2 for Wild.
Shots for this period are 11 for Blues vs 18 for Wild.

3rd period


0:01 of 3rd period - Chris Drury wins face-off versus Travis Zajac in neutral zone.
0:28 of 3rd period - Icing by Nik Antropov.
0:29 of 3rd period - Vaclav Prospal wins face-off versus Nik Antropov in Blues zone.
2:27 of 3rd period - Slapshot by Anson Carter.
2:27 of 3rd period - Stopped by Cory Schneider with a rebound.
2:29 of 3rd period - Snap shot by Fredrik Modin.
2:29 of 3rd period - Goal by Fredrik Modin - Blues : 3 - Wild : 4.
2:30 of 3rd period - Chris Drury wins face-off versus Travis Zajac in neutral zone.
2:42 of 3rd period - Joe Pavelski is hit by R.J. Umberger and loses puck.
3:12 of 3rd period - Minor Penalty to Marian Hossa for Interference.
3:13 of 3rd period - Chris Drury wins face-off versus Nik Antropov in Blues zone.
3:14 of 3rd period - Slapshot by Daniel Briere.
3:14 of 3rd period - Stopped by Cory Schneider with a rebound.
3:26 of 3rd period - Backhand shot by Nik Antropov.
3:26 of 3rd period - Stopped by Martin Brodeur without a rebound.
3:27 of 3rd period - Chris Drury wins face-off versus Nik Antropov in Wild zone.
3:38 of 3rd period - Slapshot by Daniel Briere.
3:38 of 3rd period - Shot Misses the Net.
3:40 of 3rd period - Snap shot by Chris Drury.
3:40 of 3rd period - Shot Misses the Net.
3:42 of 3rd period - Snap shot by Chris Drury.
3:42 of 3rd period - Deflect By Daniel Briere.
3:42 of 3rd period - Goal by Daniel Briere - Blues : 3 - Wild : 5.
3:43 of 3rd period - Chris Drury wins face-off versus Travis Zajac in neutral zone.
5:24 of 3rd period - Wrist shot by Alexei Kovalev.
5:24 of 3rd period - Shot Blocked by Bryce Lampman.
5:31 of 3rd period - Icing by Dan Boyle.
5:32 of 3rd period - Travis Zajac wins face-off versus Rich Peverley in Blues zone.
5:32 of 3rd period - Travis Zajac is hit by Cody McLeod.
5:45 of 3rd period - Minor Penalty to Dan Boyle for Tripping.
5:46 of 3rd period - Chris Drury wins face-off versus Nik Antropov in Blues zone.
7:45 of 3rd period - Penalty to Dan Boyle is over, Dan Boyle is back on ice.
7:51 of 3rd period - Sergei Shirokov is hit by Mike Green and loses puck.
8:02 of 3rd period - Toni Lydman is hit by Brent Burns and loses puck.
8:51 of 3rd period - Ales Kotalik is hit by Daniel Briere and loses puck.
9:34 of 3rd period - Anson Carter is hit by Joe Pavelski and loses puck.
9:49 of 3rd period - Erik Rasmussen is hit by Daniel Briere and loses puck.
10:02 of 3rd period - Slapshot by Matt Moulson.
10:02 of 3rd period - Stopped by Cory Schneider without a rebound.
10:03 of 3rd period - Andrew Cogliano wins face-off versus Vaclav Prospal in Blues zone.
10:03 of 3rd period - Andrew Cogliano is hit by Fedor Tyutin.
10:37 of 3rd period - Snap shot by Daniel Briere.
10:37 of 3rd period - Shot Misses the Net.
10:39 of 3rd period - Slapshot by Chris Drury.
10:39 of 3rd period - Shot Misses the Net.
10:49 of 3rd period - Minor Penalty to Joe Pavelski for Hooking.
10:50 of 3rd period - Taylor Pyatt wins face-off versus R.J. Umberger in Blues zone.
10:59 of 3rd period - Snap shot by Nik Antropov.
10:59 of 3rd period - Stopped by Martin Brodeur without a rebound.
11:00 of 3rd period - Chris Drury wins face-off versus Nik Antropov in Wild zone.
11:47 of 3rd period - Taylor Pyatt is hit by Alexei Kovalev and loses puck.
12:16 of 3rd period - Slapshot by Kevin Shattenkirk.
12:16 of 3rd period - Stopped by Martin Brodeur with a rebound.
12:24 of 3rd period - Wrist shot by Ales Kotalik.
12:24 of 3rd period - Goal by Ales Kotalik - Blues : 4 - Wild : 5.
12:25 of 3rd period - Vaclav Prospal wins face-off versus Nik Antropov in neutral zone.
12:49 of 3rd period - Penalty to Joe Pavelski is over, Joe Pavelski is back on ice.
12:51 of 3rd period - Off-side.
12:52 of 3rd period - Travis Zajac wins face-off versus Chris Drury in neutral zone.
12:59 of 3rd period - Slapshot by Travis Zajac.
12:59 of 3rd period - Stopped by Martin Brodeur without a rebound.
13:00 of 3rd period - Chris Drury wins face-off versus Travis Zajac in Wild zone.
13:00 of 3rd period - Chris Drury is hit by Dan Boyle.
13:30 of 3rd period - Wrist shot by Vaclav Prospal.
13:30 of 3rd period - Shot Blocked by Brent Burns.
13:34 of 3rd period - Backhand shot by Matt Moulson.
13:34 of 3rd period - Shot Misses the Net.
13:54 of 3rd period - Wrist shot by Joe Pavelski.
13:54 of 3rd period - Deflect By Alexander Perezhogin.
13:54 of 3rd period - Stopped by Martin Brodeur with a rebound.
13:56 of 3rd period - Wrist shot by Paul Kariya.
13:56 of 3rd period - Shot Blocked by Rich Peverley.
13:58 of 3rd period - Wrist shot by Travis Zajac.
13:58 of 3rd period - Shot Misses the Net.
14:00 of 3rd period - Slapshot by Travis Zajac.
14:00 of 3rd period - Stopped by Martin Brodeur with a rebound.
14:18 of 3rd period - Slapshot by Travis Zajac.
14:18 of 3rd period - Goal by Travis Zajac - Blues : 5 - Wild : 5.
14:19 of 3rd period - Chris Drury wins face-off versus Nik Antropov in neutral zone.
14:51 of 3rd period - Wrist shot by Andrew Cogliano.
14:51 of 3rd period - Stopped by Martin Brodeur with a rebound.
14:53 of 3rd period - Slapshot by Andrew Cogliano.
14:53 of 3rd period - Shot Misses the Net.
14:55 of 3rd period - Snap shot by Sergei Shirokov.
14:55 of 3rd period - Stopped by Martin Brodeur without a rebound.
14:56 of 3rd period - Nik Antropov wins face-off versus Vaclav Prospal in Wild zone.
15:09 of 3rd period - Snap shot by Nik Antropov.
15:09 of 3rd period - Stopped by Martin Brodeur without a rebound.
15:10 of 3rd period - Andrew Cogliano wins face-off versus Chris Drury in Wild zone.
15:17 of 3rd period - Slapshot by Andrew Cogliano.
15:17 of 3rd period - Stopped by Martin Brodeur without a rebound.
15:18 of 3rd period - Chris Drury wins face-off versus Andrew Cogliano in Wild zone.
15:18 of 3rd period - Chris Drury is hit by Andrew Cogliano.
15:21 of 3rd period - Minor Penalty to Chris Drury for Hooking.
15:22 of 3rd period - Glen Metropolit wins face-off versus Marian Hossa in Wild zone.
15:22 of 3rd period - Glen Metropolit is hit by Nik Antropov.
17:21 of 3rd period - Penalty to Chris Drury is over, Chris Drury is back on ice.
17:57 of 3rd period - Snap shot by Nik Antropov.
17:57 of 3rd period - Shot Misses the Net.
17:59 of 3rd period - Slapshot by Paul Kariya.
17:59 of 3rd period - Shot Misses the Net.
18:23 of 3rd period - Snap shot by Fredrik Modin.
18:23 of 3rd period - Shot Blocked by Paul Kariya.
18:29 of 3rd period - Wrist shot by Nik Antropov.
18:29 of 3rd period - Deflect By Marian Hossa.
18:29 of 3rd period - Shot Misses the Net.
18:29 of 3rd period - Puck is out of play.
18:30 of 3rd period - Vaclav Prospal wins face-off versus Andrew Cogliano in Wild zone.
18:30 of 3rd period - Vaclav Prospal is hit by Andrew Cogliano.
19:06 of 3rd period - R.J. Umberger is hit by Derek Boogaard.
Goals for this period are 2 for Blues vs 2 for Wild.
Shots for this period are 12 for Blues vs 5 for Wild.

Overtime #1


0:01 of 1st overtime period - Daniel Briere wins face-off versus Travis Zajac in neutral zone.
0:14 of 1st overtime period - Slapshot by Daniel Briere.
0:14 of 1st overtime period - Stopped by Cory Schneider with a rebound.
1:00 of 1st overtime period - Minor Penalty to Nik Antropov for Diving.
1:01 of 1st overtime period - Taylor Pyatt wins face-off versus Daniel Briere in Blues zone.
1:06 of 1st overtime period - Slapshot by Drew Fata.
1:06 of 1st overtime period - Stopped by Martin Brodeur with a rebound.
1:46 of 1st overtime period - Slapshot by Mike Green.
1:46 of 1st overtime period - Shot Blocked by Dan Boyle.
1:58 of 1st overtime period - Snap shot by R.J. Umberger.
1:58 of 1st overtime period - Stopped by Cory Schneider with a rebound.
3:00 of 1st overtime period - Penalty to Nik Antropov is over, Nik Antropov is back on ice.
3:19 of 1st overtime period - Snap shot by Travis Zajac.
3:19 of 1st overtime period - Shot Misses the Net.
3:36 of 1st overtime period - Wrist shot by Glen Metropolit.
3:36 of 1st overtime period - Stopped by Cory Schneider with a rebound.
4:16 of 1st overtime period - Slapshot by Daniel Briere.
4:16 of 1st overtime period - Shot Blocked by Brent Burns.
4:52 of 1st overtime period - Wrist shot by R.J. Umberger.
4:52 of 1st overtime period - Shot Misses the Net.
4:54 of 1st overtime period - Snap shot by Vaclav Prospal.
4:54 of 1st overtime period - Stopped by Cory Schneider without a rebound.
4:55 of 1st overtime period - Daniel Briere wins face-off versus Travis Zajac in Blues zone.
Goals for this period are 0 for Blues vs 0 for Wild.
Shots for this period are 1 for Blues vs 4 for Wild.

ShootOut


5:00 of 1st overtime period - Penalty Shot by David Perron for Blues.
5:00 of 1st overtime period - Wrist shot by David Perron.
5:00 of 1st overtime period - Shot Misses the Net.
5:00 of 1st overtime period - Penalty Shot by Daniel Briere for Wild.
5:00 of 1st overtime period - Backhand shot by Daniel Briere.
5:00 of 1st overtime period - Stopped by Cory Schneider.
5:00 of 1st overtime period - Penalty Shot by Joe Pavelski for Blues.
5:00 of 1st overtime period - Backhand shot by Joe Pavelski.
5:00 of 1st overtime period - Shot Misses the Net.
5:00 of 1st overtime period - Penalty Shot by Chris Drury for Wild.
5:00 of 1st overtime period - Backhand shot by Chris Drury.
5:00 of 1st overtime period - Shot Misses the Net.
5:00 of 1st overtime period - Penalty Shot by Marian Hossa for Blues.
5:00 of 1st overtime period - Deke by Marian Hossa.
5:00 of 1st overtime period - Goal by Marian Hossa.
5:00 of 1st overtime period - Penalty Shot by Vaclav Prospal for Wild.
5:00 of 1st overtime period - Wrist shot by Vaclav Prospal.
5:00 of 1st overtime period - Stopped by Cory Schneider.


Output by the SimonT Hockey Simulator (STHS) for François Prévost -- Original Page W3C XHTML 1.0 Valid
Hockey Simulator - Hockey Simulation - Hockey Manager